 Dungeon Crawl Stone Soup version 0.21-a0-509-gecc5317 (webtiles) character file.

61 tof the Slasher (level 3, 0/29 HPs)
             Began as a Demonspawn Monk on Nov 30, 2017.
             Slain by a hobgoblin
             ... wielding a +0 club
              (1 damage)
             ... on level 3 of the Dungeon.
             The game lasted 00:02:58 (2104 turns).

tof the Slasher (Demonspawn Monk)                   Turns: 2104, Time: 00:02:58

Health: 0/29       AC:  4    Str: 11    XL:     3   Next: 83%
Magic:  3/3        EV: 13    Int: 11    God:
Gold:   44         SH:  0    Dex: 16    Spells: 2/2 levels left

rFire    . . .     SeeInvis .   a - +0 falchion
rCold    . . .     Gourm    .   (no shield)
rNeg     + . .     Faith    .   k - +0 leather armour (curse)
rPois    .         Spirit   .   n - +0 helmet
rElec    .         Reflect  .   (no cloak)
rCorr    .         Harm     .   (no gloves)
MR       .....                  (no boots)
Stlth    ++........             (no amulet)
HPRegen  0.09/turn              j - ring of positive energy
MPRegen  0.08/turn              (no ring)

@: no status effects
A: rot immunity
a: no special abilities


You were on level 3 of the Dungeon.
You were not hungry.

You visited 1 branch of the dungeon, and saw 3 of its levels.

You collected 44 gold pieces.

Inventory:

Hand Weapons
 a - a +0 falchion (weapon)
Armour
 b - a +0 robe
 k - a cursed +0 leather armour (worn)
 n - a +0 helmet (worn)
Jewellery
 j - a ring of positive energy (left hand)
Scrolls
 e - 2 scrolls of enchant armour {unknown}
 h - 2 scrolls of remove curse {unknown}
 i - 2 scrolls of identify {unknown}
 m - 2 scrolls of teleportation {unknown}
Potions
 d - a potion of resistance {unknown}
 f - a potion of magic {unknown}
 l - 2 potions of curing {unknown}
 o - a potion of heal wounds {unknown}
Comestibles
 c - 2 bread rations
 g - a chunk of flesh


   Skills:
 + Level 3.4 Fighting
 * Level 3.4 Long Blades
 + Level 1.1 Armour
 + Level 3.1 Dodging
 - Level 1.7 Stealth


You had 2 spell levels left.
You didn't know any spells.

Dungeon Overview and Level Annotations

Branches:
Dungeon (3/15)

Altars:
Trog
Uskayaw


Innate Abilities, Weirdness & Mutations

You are immune to rotting.


Message History

You hear a shout!
A worm and a hobgoblin come into view.
You feel sick.
You are no longer poisoned.
You see here a jackal corpse.
You barely miss the jackal. The jackal closely misses you.
You riposte.
You hit the jackal.
You kill the jackal!
A jackal comes into view.
The jackal barks!
You see here a jackal corpse.
You hit the jackal but do no damage. The jackal bites you.
* * * LOW HITPOINT WARNING * * *
The jackal barely misses you. The hobgoblin closely misses you.
You slash the jackal!
You kill the jackal!
The worm bites you.
* * * LOW HITPOINT WARNING * * *
The hobgoblin hits you with a club.
You die...

.......###.>.....>#
###
##.......#....###...#
..............# ..
.....(...#....#
.####....#......#
...##.........#.#
.l......#######..#
.#....g.#### .#
#....†@†††#####..
#.....w.#.......#
..##.###.###.....#
#.#/. ... .##... #..
###.. # .. .. #.. ..
###


You could see a worm, a hobgoblin and a frilled lizard (wandering).

Vanquished Creatures
  An adder (D:3)
  A dart slug (D:3)
  A leopard gecko (D:3)
  2 giant cockroaches
  3 goblins
  14 hobgoblins
  4 jackals (D:3)
  A quokka (D:3)
  2 bats (D:1)
  4 frilled lizards
  7 kobolds
  4 rats
44 creatures vanquished.

Notes
Turn   | Place    | Note
-------+----------+-------------------------------------------
     0 | D:1      | tof the Demonspawn Monk began the quest for the Orb.
     0 | D:1      | Reached XP level 1. HP: 18/18 MP: 1/1
   362 | D:1      | Gained mutation: You are immune to rotting. [demonic ancestry]
   362 | D:1      | Reached XP level 2. HP: 22/24 MP: 2/2
  1271 | D:2      | Reached XP level 3. HP: 25/29 MP: 3/3
  1467 | D:2      | Found a hide-covered altar of Uskayaw.
  1732 | D:2      | Found a bloodstained altar of Trog.
  1775 | D:2      | Reached skill level 1 in Armour
  2104 | D:3      | HP: 1/29 [worm (6)]
  2104 | D:3      | Slain by a hobgoblin

Vault maps used:
D:1:      dpeg_arrival_rooms_b, minmay_pentomino_v2
D:2:      wad_pebble_path, old_standard_altar, first_bread, serial_bayou_pond_d,
          eino_tiny_chamber, trog_hazing_becter
D:3:      uniq_terence

Skill      XL: |  1  2  3 |
---------------+----------+-----
Long Blades    | 3 |  3.4
Dodging        | 3 |  3.1
Armour         | 1 |  1.1
Fighting       | |  3.4
Stealth        | |  1.7

Action                   || total
-------------------------++-------
Melee: Falchion          ||   163
 Stab: Sleeping          ||     3
  Eat: Chunk             ||     4
Armor: Robe              ||     5
       Leather armour    ||    37
Dodge: Dodged            ||   143
       Rpst.: Falchion   ||    41

Table legend:
 A = Spawn XP
 B = Non-spawn XP
 C = Spawn XP percentage of total XP
 D = Spawn monster count
 E = Non-spawn monster count
 F = Spawn count percentage of total count
 G = Total turns spent on level
                    A         B        C        D         E        F      G
               +---------+---------+-------+---------+---------+-------+---------
         Total |       0 |      88 |   0.0 |       0 |      44 |   0.0 |  2104
               +---------+---------+-------+---------+---------+-------+---------
           D:1 |       0 |      27 |   0.0 |       0 |      17 |   0.0 |   961
           D:2 |       0 |      28 |   0.0 |       0 |      18 |   0.0 |   929
           D:3 |       0 |      33 |   0.0 |       0 |       9 |   0.0 |   214
               +---------+---------+-------+---------+---------+-------+---------
